 Dungeon Crawl Stone Soup version 0.30-a0-141-g30f27751c5 (webtiles) character file.

Game seed: 17468196404521579823

453 qw the Chopper (level 7, -6/48 HPs)
             Began as a Gargoyle Fighter on Sept 24, 2022.
             Mangled by Sigmund
             ... wielding a +0 scythe
              (9 damage)
             ... on level 5 of the Dungeon.
             The game lasted 00:01:27 (3814 turns).

qw the Chopper (Gargoyle Fighter)                   Turns: 3814, Time: 00:01:27

Health: -6/48      AC:  4    Str: 21    XL:     7   Next: 5%
Magic:  7/7        EV:  9    Int:  9    God:
Gold:   219        SH:  8    Dex:  9    Spells: 6/6 levels left

rFire   . . .      SeeInvis .    Y - +1 war axe
rCold   . . .      Faith    .    c - +0 buckler
rNeg    + . .      Spirit   .    b - +0 scale mail
rPois   inf        Reflect  .    (no helmet)
rElec   +          Harm     .    j - +0 cloak
rCorr   .          Rampage  .    (no gloves)
Will    ++...                    (no boots)
Stlth   ..........               (no amulet)
HPRegen 0.16/turn                q - ring of willpower
MPRegen 0.10/turn                (no ring)

@: corroded
A: sickness immunity, AC +4, negative energy resistance 1, electricity
resistance, torment resistance 1, petrification resistance, large bone plates 1,
strong-willed 1, robust 1
a: no special abilities


You were on level 5 of the Dungeon.
You visited 1 branch of the dungeon, and saw 5 of its levels.

You collected 219 gold pieces.


Innate Abilities, Weirdness & Mutations

You are immune to sickness and miasma.
Your stone body is resilient. (AC +4)
You are immune to poison.
You resist negative energy. (rN+)
You are resistant to electric shocks. (rElec)
You are resistant to unholy torment.
You are immune to petrification.
You are partially covered in large bone plates. (SH +4)
You are strong-willed. (Will+)
You are robust. (+10% HP)


   Skills:
 - Level 5.0 Fighting
 + Level 5.4 Axes
 - Level 3.2 Armour
 - Level 1.7 Dodging
 - Level 3.2 Shields


You had 6 spell levels left.
You didn't know any spells.
Your spell library was empty.

Inventory:

Hand Weapons
 o - a +0 morningstar
 Y - a +1 war axe (weapon)
Missiles
 p - 2 boomerangs (quivered)
Armour
 b - a +0 scale mail (worn)
 c - a +0 buckler (worn)
 j - a +0 cloak (worn)
Jewellery
 q - a ring of willpower (left hand)
Scrolls
 f - a scroll of identify
Potions
 d - a potion of might
 e - a potion of berserk rage {unknown}
 g - 2 potions of curing
 h - a potion of heal wounds {unknown}
 i - a potion of attraction {unknown}
 k - 2 potions of mutation
 m - a potion of ambrosia {unknown}
 n - a potion of haste {unknown}

Dungeon Overview and Level Annotations

Branches:
Dungeon (5/15)
 Temple: D:4-7

Altars:
Dithmenos

Annotations:
D:5 Sigmund


Message History

Sigmund hits you with a +0 scythe.
You closely miss Sigmund.
Sigmund screams, "Die, monster!"
Sigmund hits you with a +0 scythe!
A jelly comes into view.
You hit Sigmund but do no damage. Sigmund barely misses you.
You hit Sigmund.
Sigmund is lightly wounded.
Sigmund hits you with a +0 scythe.
You hit Sigmund.
Sigmund is lightly wounded.
Sigmund hits you with a +0 scythe.
You slash Sigmund!
Sigmund is heavily wounded.
You closely miss Sigmund.
Sigmund is heavily wounded.
You block Sigmund's attack. You block the jelly's attack.
You hit Sigmund.
Sigmund is severely wounded.
You slash the jelly! The acid corrodes you!
Your hands burn!
Sigmund drinks a potion.
Sigmund is healed!
You block the jelly's attack.
You barely miss Sigmund.
Sigmund is heavily wounded.
You hit the jelly.
Your hands burn!
You block Sigmund's attack. The jelly closely misses you.
You hit the jelly but do no damage. The acid corrodes you!
Your hands burn!
The jelly is almost dead.
You barely miss Sigmund. Sigmund hits you but does no damage.
The jelly barely misses you.
You hit the jelly.
You kill the jelly!
You closely miss Sigmund.
Sigmund zaps a wand.
The bolt of light hits you!
You have reached level 7!
You hit Sigmund but do no damage.
Sigmund is heavily wounded.
Sigmund zaps a wand.
The bolt of light hits you! Sigmund hits you with a +0 scythe!
You die...

## ##..... .#
..##.....##.##
.............
...........#
...........#
........<..#
...........#
........!..#
.......@...#
......@...##
.........##
..........
#....######
##... .....
##..


You could see Sigmund.

Vanquished Creatures
  A black bear (D:4)
  A necrophage (D:4)
  An orc priest (D:3)
  A jelly (D:5)
  A hound (D:4)
  An iguana (D:3)
  3 adders
  4 gnolls (D:4)
  4 worms
  2 dart slugs
  9 orcs
  7 endoplasms
  4 giant cockroaches
  11 goblins
  8 hobgoblins
  2 jackals (D:1)
  3 quokkas
  4 ball pythons
  6 bats
  5 frilled lizards
  11 kobolds
  3 rats
92 creatures vanquished.

Notes
Turn   | Place    | Note
-------+----------+-------------------------------------------
     0 | D:1      | qw the Gargoyle Fighter began the quest for the Orb.
     0 | D:1      | Reached XP level 1. HP: 14/14 MP: 1/1
     0 | D:1      | 0 ||| qw: Version: 0.2-a-9-g4872b50
     0 | D:1      | 0 ||| qw: Game counter: 73
     0 | D:1      | 0 ||| qw: Always use a shield: true
     0 | D:1      | 0 ||| qw: God list: Okawaru
     0 | D:1      | 0 ||| qw: Allow faded altars: false
     0 | D:1      | 0 ||| qw: Do Orc after D:15 true
     0 | D:1      | 0 ||| qw: Do second Lair branch before Depths: true
     0 | D:1      | 0 ||| qw: Lair rune preference: random
     0 | D:1      | 0 ||| qw: Plans: Normal, Zot:1-4, God:TSO, Crypt, Tomb,
                  | Pan, Slime:5, Hells, Abyss, Orb
     0 | D:1      | 0 ||| PLANNING D:1-11
    47 | D:1      | Found a faded altar of an unknown god.
   165 | D:1      | Reached XP level 2. HP: 18/19 MP: 2/2
   510 | D:1      | 510 ||| Stepping ~*~*~tactically~*~*~ (hiding).
   777 | D:1      | You fall into a shaft and drop 1 floor!
   782 | D:2      | 782 ||| Stepping ~*~*~tactically~*~*~ (stealth).
   787 | D:2      | Reached skill level 3 in Axes
   793 | D:2      | Reached XP level 3. HP: 21/23 MP: 3/3
   833 | D:2      | 833 ||| Stepping ~*~*~tactically~*~*~ (stealth).
   860 | D:2      | 860 ||| Stepping ~*~*~tactically~*~*~ (stealth).
   861 | D:2      | 861 ||| Stepping ~*~*~tactically~*~*~ (stealth).
   947 | D:2      | 947 ||| Stepping ~*~*~tactically~*~*~ (stealth).
   949 | D:2      | 949 ||| Stepping ~*~*~tactically~*~*~ (stealth).
  1107 | D:2      | 1107 ||| Stepping ~*~*~tactically~*~*~ (stealth).
  1113 | D:2      | 1113 ||| Stepping ~*~*~tactically~*~*~ (stealth).
  1209 | D:2      | 1209 ||| UPGRADING to +2 helmet.
  1214 | D:2      | 1214 ||| UPGRADING to +0 cloak.
  1219 | D:2      | 1219 ||| READING scroll labelled OCUFRI GYLA.
  1220 | D:2      | 1220 ||| READING scroll labelled PEODOPN YBROGUFFE.
  1221 | D:2      | 1221 ||| READING scroll labelled DUWIBBIBAG.
  1222 | D:2      | 1222 ||| READING scroll labelled HANODICOQE.
  1223 | D:2      | 1223 ||| DRINKING 2 coppery potions.
  1223 | D:2      | Gained mutation: You are frail. (-10% HP) [potion of
                  | mutation]
  1223 | D:2      | Gained mutation: You have a pair of small antennae on your
                  | head. [potion of mutation]
  1223 | D:2      | Gained mutation: You sometimes lose your temper in combat.
                  | [potion of mutation]
  1223 | D:2      | Gained mutation: You are agile. (Dex +4, Str/Int -1)
                  | [potion of mutation]
  1224 | D:2      | 1224 ||| DROPPING +2 helmet.
  1225 | D:2      | 1225 ||| DRINKING potion of mutation.
  1225 | D:2      | Lost mutation: You have a pair of small antennae on your
                  | head. [potion of mutation]
  1225 | D:2      | Lost mutation: You sometimes lose your temper in combat.
                  | [potion of mutation]
  1225 | D:2      | Gained mutation: Your spells are a little harder to cast,
                  | but a little more powerful. [potion of mutation]
  1269 | D:2      | 1269 ||| DRINKING potion of mutation.
  1269 | D:2      | Lost mutation: You are agile. (Dex +4, Str/Int -1) [potion
                  | of mutation]
  1269 | D:2      | Lost mutation: You are frail. (-10% HP) [potion of
                  | mutation]
  1269 | D:2      | Lost mutation: Your spells are a little harder to cast, but
                  | a little more powerful. [potion of mutation]
  1269 | D:2      | Gained mutation: You are robust. (+10% HP) [potion of
                  | mutation]
  1269 | D:2      | Gained mutation: You are partially covered in large bone
                  | plates. (SH +4) [potion of mutation]
  1269 | D:2      | Gained mutation: You are strong-willed. (Will+) [potion of
                  | mutation]
  1572 | D:2      | Reached XP level 4. HP: 22/30 MP: 4/4
  1829 | D:2      | 1829 ||| DRINKING 2 orange potions.
  2059 | D:3      | 2059 ||| Stepping ~*~*~tactically~*~*~ (stealth).
  2279 | D:3      | Reached XP level 5. HP: 21/35 MP: 5/5
  2406 | D:3      | 2406 ||| DROPPING +0 whip.
  2728 | D:3      | 2728 ||| READING scroll labelled ATIPIU LICUXT.
  2761 | D:4      | 2761 ||| Stepping ~*~*~tactically~*~*~ (hiding).
  2913 | D:4      | 2913 ||| Stepping ~*~*~tactically~*~*~ (stealth).
  2994 | D:4      | Found a shadowy altar of Dithmenos.
  3007 | D:4      | 3007 ||| DROPPING +0 flail.
  3019 | D:4      | Noticed a black bear
  3028 | D:4      | Killed a black bear
  3029 | D:4      | Reached XP level 6. HP: 38/44 MP: 6/6
  3195 | D:4      | 3195 ||| Stepping ~*~*~tactically~*~*~ (stealth).
  3252 | D:4      | Reached skill level 1 in Dodging
  3668 | D:4      | 3668 ||| UPGRADING to ring of willpower.
  3669 | D:4      | 3669 ||| READING scroll labelled QUICVA ZESUZESE.
  3670 | D:4      | 3670 ||| READING scroll labelled VESUSY TITI.
  3671 | D:4      | 3671 ||| READING scroll labelled VUAWKEOLL.
  3772 | D:4      | 3772 ||| READING 2 scrolls of identify.
  3772 | D:4      | 3772 ||| IDENTIFYING fizzy ruby potion
  3773 | D:4      | 3773 ||| DROPPING potion of brilliance.
  3798 | D:5      | Entered Level 5 of the Dungeon
  3798 | D:5      | Noticed Sigmund
  3814 | D:5      | Reached XP level 7. HP: 14/48 MP: 7/7
  3814 | D:5      | HP: 3/48 [Sigmund/bolt of light (11)]
  3814 | D:5      | Mangled by Sigmund

Levels and vault maps discovered:
D:1:      ncdulo_halloftheorcs, layout_basic, basic_ecumenical_altar
D:2:      layout_rooms, grunt_decor_one_mirror, grunt_ministairs_11
D:3:      layout_basic, kennysheep_generic_room_15
D:4:      layout_basic, grunt_dithmenos_smoke_and_mirrors
D:5:      layout_rooms, mainiacjoe_overflow_boulevard, uniq_prince_ribbit1,
          uniq_blork_the_orc, uniq_sigmund

Skill      XL: |  1  2  3  4  5  6 |
---------------+-------------------+-----
Axes           | 2 3 4 5 |  5.4
Fighting       | 5 |  5.0
Dodging        | 1 |  1.7
Armour         | |  3.2
Shields        | |  3.2

Action                   |  1- 3 |  4- 6 |  7- 9 || total
-------------------------+-------+-------+-------++-------
Melee: War axe           |   118 |   174 |     1 ||   293
Throw: Boomerang         |       |    17 |       ||    17
  Use: Scroll            |     4 |     5 |       ||     9
       Potion            |     3 |     1 |       ||     4
Armor: Scale mail        |    62 |    69 |       ||   131
Dodge: Dodged            |    47 |    49 |       ||    96
Block: Buckler           |    28 |    79 |       ||   107

Table legend:
 A = Non-vault XP
 B = Vault XP
 C = Vault XP percentage of total XP
 D = Non-vault monster count
 E = Vault monster count
 F = Vault count percentage of total count
                 A         B        C        D         E       F
            +---------+---------+-------+---------+---------+-------
      Total |     643 |       5 |   0.8 |      90 |       2 |   2.2
            +---------+---------+-------+---------+---------+-------
        D:1 |      26 |       0 |   0.0 |      16 |       0 |   0.0
        D:2 |      66 |       2 |   2.9 |      28 |       1 |   3.4
        D:3 |     128 |       3 |   2.3 |      18 |       1 |   5.3
        D:4 |     381 |       0 |   0.0 |      27 |       0 |   0.0
        D:5 |      42 |       0 |   0.0 |       1 |       0 |   0.0
            +---------+---------+-------+---------+---------+-------
